Map: [ESL] Hard Lead

Players

Serral

  • Race: Zerg Zerg
  • Spawn Location: 11:00

Oliveira - Winner!

  • Race: Terran Terran
  • Spawn Location: 5:00

Event: ESL SC2 Masters 2023 Winter (Finals)

VOD

Have the link to the VOD?

Description

Time

  • Played on: Dec. 16, 2023, 7:20 p.m.
  • Length: 15:53

All games in this series

Show
View Real Time Build Order
Export as new Build Order

Serral Zerg 

Build Orders: Hatch First 

Get SALT Encoding   

  12  0:00  Drone  
  13  0:12  Overlord  
  13  0:16  Drone  
  14  0:30  Drone  
  14  0:31  Drone  
  16  0:48  Hatchery  
  15  0:51  Drone  
  15  0:55  Drone  
  17  0:58  Drone  
  18  1:11  Extractor  
  17  1:13  Spawning Pool  
  17  1:16  Drone  
  17  1:19  Drone  
  18  1:27  Drone  
  19  1:38  Drone  
  20  1:48  Drone  
  21  1:59  Queen  
  21  2:00  Zergling x2, Queen  
  21  2:01  Zergling x2  
  27  2:10  Overlord  
  27  2:11  Drone, Metabolic Boost  
  28  2:30  Hatchery  
  28  2:32  Drone  
  28  2:34  Extractor  
  28  2:35  Drone  
  28  2:38  Drone  
  28  2:41  Drone  
  31  2:45  Queen  
  31  2:51  Overlord  
  33  2:52  Drone  
  33  2:56  Drone x2  
  36  3:04  Overlord  
  36  3:09  Drone x4  
  40  3:15  Queen  
  40  3:19  Drone x2  
  44  3:24  Queen  
  46  3:28  Drone  
  46  3:31  Overlord  
  47  3:39  Drone  
  47  3:40  Zergling x2  
  47  3:41  Drone x2  
  51  3:42  Queen  
  51  3:43  Drone  
  51  3:45  Zergling x2  
  51  3:47  Overlord  
  55  3:52  Queen  
  55  3:54  Drone  
  58  3:57  Zergling x2  
  58  3:59  Drone x2  
  61  4:05  Drone, Roach Warren  
  61  4:09  Zergling x2, Overlord  
  62  4:10  Drone  
  62  4:12  Drone  
  62  4:14  Drone  
  62  4:17  Drone x3  
  67  4:20  Overlord  
  68  4:25  Overlord  
  68  4:28  Zergling x4  
  68  4:31  Lair  
  70  4:33  Drone x2, Extractor  
  70  4:36  Drone x2  
  73  4:40  Drone  
  73  4:45  Drone, Overlord  
  75  4:51  Drone x3  
  78  4:58  Spore Crawler x2  
  78  4:59  Roach x2  
  80  5:02  Spore Crawler, Hatchery  
  80  5:03  Roach  
  80  5:05  Roach  
  82  5:07  Drone x2  
  82  5:10  Extractor  
  82  5:11  Extractor, Drone x3  
  82  5:14  Drone x2  
  87  5:15  Drone  
  88  5:22  Extractor, Overlord  
  88  5:23  Drone x4  
  88  5:24  Extractor  
  90  5:30  Drone  
  90  5:31  Overseer  
  90  5:32  Drone  
  90  5:34  Drone x2  
  94  5:37  Glial Reconstitution, Evolution Chamber  
  94  5:38  Evolution Chamber  
  94  5:41  Drone x5  
  97  5:43  Drone  
  97  5:46  Drone  
  97  5:47  Overseer  
  97  5:48  Drone  
  100  5:50  Drone  
  100  5:54  Overlord  
  102  5:57  Drone x3  
  102  5:59  Drone x2  
  102  6:03  Zerg Missile Weapons Level 1, Zerg Ground Armor Level 1  
  106  6:06  Infestation Pit  
  106  6:08  Drone  
  106  6:10  Overlord x2  
  106  6:13  Roach x2  
  110  6:18  Zergling x2  
  110  6:20  Roach x4  
  119  6:26  Overlord x2  
  119  6:27  Overlord  
  119  6:31  Queen  
  120  6:35  Roach  
  120  6:36  Roach x3  
  120  6:37  Ravager x3  
  131  6:42  Roach x2  
  135  6:48  Roach x7  
  135  6:52  Zergling x8  
  153  6:56  Zergling x6  
  153  6:59  Hive  
  155  7:04  Drone x4  
  155  7:07  Extractor, Overlord  
  158  7:11  Overlord  
  158  7:12  Baneling Nest  
  157  7:17  Drone x2  
  157  7:18  Drone  
  157  7:21  Overlord  
  157  7:22  Overlord  
  158  7:24  Overlord  
  158  7:26  Overlord  
  158  7:31  Drone, Overlord  
  158  7:32  Drone x2  
  158  7:34  Drone x2  
  158  7:35  Drone  
  164  7:38  Zergling x6  
  164  7:41  Zergling x2  
  168  7:45  Hatchery  
  168  7:47  Zergling x4  
  168  7:50  Hatchery  
  168  7:52  Zergling x8  
  168  7:57  Zergling x18  
  180  7:59  Zerg Melee Weapons Level 1, Zerg Ground Armor Level 2, Centrifugal Hooks  
  180  8:08  Baneling x8  
  180  8:09  Baneling x4  
  180  8:13  Viper x2  
  180  8:14  Adrenal Glands  
  180  8:19  Zergling x18  
  193  8:22  Baneling  
  193  8:23  Baneling x5  
  185  8:27  Zergling x12  
  185  8:32  Baneling x7  
  186  8:34  Zergling x2  
  186  8:35  Zergling x2  
  188  8:41  Ravager x2  
  188  8:42  Zergling x6  
  185  8:50  Zergling x18, Roach x2  
  185  8:55  Zergling x8  
  175  9:01  Zergling x4  
  156  9:07  Roach x3  
  140  9:15  Zergling x2  
  140  9:16  Zergling x10  
  128  9:17  Ravager x5  
  128  9:19  Queen x2  
  137  9:26  Zergling x10  
  137  9:31  Zergling x6  
  145  9:39  Baneling x10  
  145  9:42  Zergling x8  
  149  9:49  Queen  
  149  9:50  Zergling x6  
  154  9:54  Baneling x8  
  154  10:02  Drone  
  154  10:03  Zergling x8  
  159  10:10  Hatchery  
  159  10:13  Drone  
  157  10:15  Zergling x6  
  157  10:18  Zerg Ground Armor Level 3, Zerg Melee Weapons Level 2  
  159  10:24  Zergling x4  
  159  10:25  Zergling x4  
  162  10:31  Zergling x20  
  162  10:34  Baneling x3  
  172  10:41  Zergling x8  
  166  10:44  Overseer  
  166  10:45  Baneling x4  
  166  10:47  Zergling x8  
  170  10:52  Queen x2  
  170  10:57  Ravager x3  
  173  10:59  Zergling x16  
  183  11:08  Zergling x8  
  185  11:12  Zergling x2  
  186  11:19  Baneling x2  
  186  11:21  Zergling x18  
  191  11:27  Baneling x6  
  180  11:36  Zergling x22  
  166  11:43  Zergling x2  
  166  11:45  Zergling x4  
  147  11:47  Zergling x4  
  149  11:54  Burrow  
  149  11:56  Viper  
  149  11:59  Zergling x10  
  149  12:00  Baneling x8  
  153  12:04  Baneling  
  153  12:05  Baneling x8  
  153  12:07  Zergling x10  
  158  12:09  Infestor  
  160  12:17  Zergling x6  
  160  12:21  Pneumatized Carapace, Overseer  
  160  12:24  Zergling x2  
  160  12:25  Zergling x18, Overseer  
  170  12:35  Zergling x10  
  173  12:44  Overlord  
  173  12:47  Zergling x14  
  168  12:51  Zergling x2  
  168  12:52  Zergling x12  
  168  12:54  Queen  
  168  12:55  Zergling x4  
  179  12:58  Baneling  
  179  12:59  Baneling x5  
  179  13:00  Zerg Melee Weapons Level 3  
  179  13:02  Drone x2  
  178  13:11  Zergling x18  
  186  13:17  Infestor  
  186  13:18  Zergling x14  
  195  13:23  Drone x2  
  195  13:26  Drone  
  198  13:31  Zergling x4  
  198  13:33  Baneling x9  
  196  13:37  Zergling x2  
  196  13:38  Zergling x4  
  196  13:40  Hatchery  
  196  13:41  Baneling x7  
  194  13:51  Zergling x18  
  200  14:00  Zergling x2  
  200  14:01  Zergling x14  
  186  14:04  Zergling x6  
  184  14:12  Zergling x12  
  184  14:15  Zergling x6  
  159  14:19  Zergling x2  
  159  14:24  Roach x3  
  146  14:26  Zergling x4  
  134  14:32  Baneling x8  
  134  14:33  Baneling x3  
  134  14:35  Zergling x4, Roach x2  
  134  14:36  Baneling x2  
  139  14:39  Ultralisk Cavern  
  139  14:41  Zergling x6  
  130  14:45  Zergling x6  
  130  14:48  Overseer  
  130  14:50  Zergling x6  
  122  14:53  Zergling x2  
  122  14:55  Zergling x2  
  117  15:00  Zergling x10  
  117  15:03  Zergling x2  
  117  15:04  Queen x2  
  117  15:05  Zergling x2  
  117  15:06  Zergling x8  
  125  15:08  Baneling x12  
  125  15:10  Zergling x12  
  131  15:16  Zergling x6  
  133  15:22  Ravager x4  
  133  15:23  Zergling x6  
  133  15:27  Zergling x4  
Show
View Real Time Build Order
Export as new Build Order

Oliveira Terran - Winner!

Build Orders: Reaper Expand, Hellion Banshee 

Get SALT Encoding   

  12  0:00  SCV  
  13  0:12  SCV  
  14  0:17  Supply Depot  
  14  0:24  SCV  
  15  0:38  SCV  
  15  0:40  Barracks  
  16  0:44  Refinery  
  16  0:50  SCV  
  17  1:03  SCV  
  18  1:15  SCV  
  19  1:27  Orbital Command, Reaper  
  20  1:38  Command Center  
  20  1:47  Supply Depot  
  20  1:53  SCV  
  21  1:59  Marine  
  22  2:05  SCV  
  23  2:10  Factory  
  23  2:17  SCV  
  24  2:22  Barracks Reactor  
  24  2:29  SCV  
  25  2:38  Command Center  
  25  2:42  SCV  
  26  2:51  Orbital Command  
  26  2:54  SCV  
  27  3:00  Starport  
  27  3:06  SCV  
  27  3:08  Hellion x2  
  32  3:13  Barracks Tech Lab, Refinery  
  32  3:18  SCV x2  
  34  3:29  Hellion x2  
  34  3:30  SCV x2  
  40  3:39  Marine  
  41  3:42  SCV x2  
  41  3:45  Banshee  
  46  3:50  Hellion x2  
  46  3:54  Orbital Command, SCV  
  51  3:57  SCV  
  51  4:01  Barracks Tech Lab, Supply Depot  
  52  4:07  SCV  
  52  4:09  SCV  
  54  4:12  Hellion  
  54  4:14  Hellion  
  58  4:19  SCV  
  58  4:20  SCV  
  60  4:24  Marine  
  60  4:25  Stimpack, SCV, Supply Depot  
  60  4:31  SCV  
  63  4:32  Barracks  
  63  4:34  Starport Reactor  
  63  4:37  Barracks  
  63  4:38  SCV x2  
  64  4:43  Marine  
  64  4:44  Supply Depot  
  66  4:48  Siege Tank, Refinery  
  66  4:49  SCV  
  66  4:52  SCV  
  71  4:53  SCV  
  71  4:59  Engineering Bay  
  72  5:00  Engineering Bay  
  72  5:04  Orbital Command  
  72  5:07  Marine  
  72  5:08  SCV  
  72  5:09  SCV  
  72  5:10  Barracks x2  
  75  5:16  Refinery  
  75  5:17  Supply Depot  
  75  5:20  SCV  
  76  5:24  Siege Tank, Supply Depot  
  76  5:25  Starport Reactor, Marine  
  76  5:27  SCV  
  81  5:29  Marine  
  81  5:30  Marine  
  81  5:34  Terran Infantry Weapons Level 1  
  83  5:36  Marine  
  83  5:38  Terran Infantry Armor Level 1  
  83  5:40  SCV  
  83  5:42  Marine  
  86  5:45  SCV  
  86  5:46  SCV  
  86  5:47  Marine x2  
  90  5:50  Marine  
  90  5:52  SCV  
  90  5:54  Marine  
  90  5:56  Supply Depot  
  93  5:59  Marine  
  93  6:00  SCV x2  
  93  6:02  Medivac  
  100  6:05  Supply Depot  
  100  6:06  Medivac  
  100  6:07  Barracks Reactor x2  
  100  6:08  SCV  
  101  6:12  Refinery  
  101  6:17  Combat Shield, SCV x2, Marine x3  
  106  6:21  Marine  
  106  6:22  SCV  
  106  6:25  Supply Depot, Marine  
  109  6:27  Siege Tank  
  109  6:28  Supply Depot  
  109  6:29  SCV x2  
  114  6:34  SCV  
  114  6:35  Marine  
  114  6:36  Marine  
  117  6:43  Supply Depot  
  117  6:44  SCV x2, Marine  
  117  6:46  Marine  
  117  6:47  Medivac x2, Marine  
  117  6:49  Command Center  
  117  6:50  Marine  
  117  6:51  Marine x3  
  117  6:52  Marine  
  128  6:54  SCV  
  128  6:57  Supply Depot, Marine  
  128  6:59  Armory  
  130  7:04  Marine x2  
  130  7:05  Siege Tank  
  130  7:07  SCV  
  136  7:09  Marine  
  136  7:13  Marine x3  
  136  7:15  Marine, Supply Depot  
  140  7:16  Supply Depot  
  140  7:17  Supply Depot  
  140  7:19  Marine x2  
  140  7:22  Marine  
  141  7:23  Marine  
  141  7:25  Supply Depot  
  141  7:27  Liberator, Marine  
  141  7:28  Liberator  
  149  7:36  Marine x2  
  151  7:38  Marine  
  151  7:39  Factory  
  151  7:41  Siege Tank  
  155  7:44  Marine x2, Refinery  
  155  7:45  Supply Depot  
  155  7:46  SCV  
  155  7:47  SCV  
  155  7:48  SCV  
  155  7:49  Marine  
  161  7:55  Marine x2  
  161  7:57  Terran Infantry Armor Level 2  
  163  7:59  Marine, SCV  
  163  8:01  Marine x2  
  163  8:02  SCV x2  
  168  8:07  Marine  
  168  8:08  Marine  
  168  8:09  Terran Vehicle Weapons Level 1  
  168  8:11  Terran Infantry Weapons Level 2  
  170  8:16  Marine x2  
  170  8:28  Marine x2  
  170  8:29  Marine  
  170  8:30  Marine  
  173  8:34  Siege Tank, Factory Reactor  
  173  8:38  Planetary Fortress  
  173  8:40  Barracks x2  
  170  8:43  Marine x3  
  170  8:45  Medivac x2  
  175  8:51  Marine  
  175  8:55  Marine  
  156  8:59  Marine  
  156  9:00  Marine x2  
  148  9:03  SCV  
  148  9:06  Siege Tank  
  148  9:07  Marine  
  143  9:12  Marine x2  
  143  9:13  Widow Mine x2  
  143  9:15  Marine  
  141  9:17  SCV x4  
  141  9:22  Barracks  
  145  9:25  Command Center, Marine  
  145  9:26  Marine  
  145  9:27  Medivac  
  145  9:29  Marine x2  
  145  9:30  Barracks Tech Lab  
  145  9:31  Barracks Tech Lab  
  151  9:38  Siege Tank, Marine  
  152  9:39  Widow Mine x2, Medivac  
  152  9:41  Drilling Claws  
  152  9:43  SCV x3  
  161  9:46  Ghost Academy  
  161  9:47  Refinery x2  
  161  9:49  Marine x4, Marauder  
  161  9:50  Marauder  
  161  9:51  Concussive Shells  
  169  9:53  Marine, Marauder  
  169  9:57  Marine  
  169  9:58  Marine x2  
  169  9:59  Medivac  
  177  10:10  Sensor Tower  
  177  10:12  Marauder, Marine x2  
  180  10:19  Barracks Tech Lab  
  178  10:21  Marine  
  178  10:22  Marine x2  
  178  10:23  Widow Mine  
  178  10:24  Siege Tank  
  178  10:25  Marauder, Marine x2  
  178  10:28  Marine  
  189  10:29  Marine x2  
  189  10:30  Medivac  
  189  10:31  Medivac  
  189  10:35  Widow Mine  
  196  10:36  Marauder  
  196  10:42  Marine x3  
  180  10:43  Marauder  
  180  10:46  Marine x2  
  180  10:47  Marauder x2  
  186  10:53  Marine  
  186  10:54  Marine  
  186  10:57  Marine  
  188  10:58  Marauder  
  188  11:00  Marine  
  194  11:04  Marauder  
  194  11:06  Marine x2  
  194  11:08  Marauder  
  194  11:09  Marine x2  
  194  11:10  Marauder  
  194  11:11  Siege Tank, Marine  
  194  11:12  Widow Mine  
  194  11:15  Factory  
  194  11:17  Command Center  
  200  11:27  Ghost  
  200  11:28  Marine x2  
  186  11:35  Marauder, Marine x3  
  186  11:36  Marauder  
  151  11:40  Marine x2  
  151  11:41  Marauder  
  151  11:42  Marine  
  151  11:43  Liberator x2, Widow Mine  
  151  11:44  Widow Mine  
  151  11:45  Terran Infantry Weapons Level 3  
  151  11:46  Marine  
  146  11:49  Marine  
  146  11:53  Marine x2  
  144  11:54  Marine  
  144  11:57  Siege Tank, Marauder x3  
  144  11:58  Planetary Fortress, Marine  
  144  12:00  SCV  
  156  12:02  Factory Tech Lab  
  156  12:06  Marauder, Marine x3  
  156  12:08  Widow Mine x2  
  165  12:09  Sensor Tower  
  165  12:14  Marine x2  
  167  12:18  Terran Infantry Armor Level 3  
  167  12:19  SCV  
  167  12:20  SCV  
  169  12:24  Marine  
  169  12:27  Siege Tank  
  173  12:30  Ghost  
  173  12:31  Marine x2  
  177  12:39  Siege Tank  
  177  12:40  Viking  
  181  12:49  Marine x2  
  181  12:50  Marine  
  174  12:52  Marine  
  174  12:53  Widow Mine x2  
  174  12:54  Liberator  
  174  12:55  SCV x2  
  174  12:56  Orbital Command  
  184  12:58  Command Center  
  184  12:59  Command Center  
  184  13:00  Ghost x2  
  188  13:07  Marine x2  
  188  13:08  Siege Tank  
  188  13:12  SCV  
  187  13:13  Terran Vehicle Weapons Level 2  
  187  13:16  Marine  
  187  13:19  Siege Tank  
  195  13:20  Widow Mine x2  
  195  13:33  Ghost  
  197  13:38  Marine  
  197  13:41  Marine  
  198  13:43  Siege Tank  
  196  13:50  Marine  
  196  13:51  Widow Mine  
  196  13:52  Widow Mine  
  197  13:59  Marine  
  197  14:01  Marine x2  
  197  14:02  Marauder  
  188  14:03  SCV x3  
  188  14:04  Siege Tank  
  188  14:08  Marine  
  188  14:09  Marauder  
  190  14:10  Marine x2  
  190  14:11  Marauder  
  175  14:19  Marauder, Marine x2  
  175  14:22  Marine x2  
  175  14:23  Marauder  
  165  14:24  Siege Tank  
  165  14:25  Marine  
  165  14:26  Marine  
  165  14:28  Marine  
  165  14:30  Marauder, Marine  
  163  14:32  Marauder, Widow Mine x2  
  163  14:33  Liberator x2  
  163  14:34  Orbital Command, SCV  
  163  14:35  Orbital Command  
  163  14:36  Marine  
  163  14:37  Marine  
  178  14:40  Marine  
  178  14:41  Marauder  
  178  14:42  Marine  
  175  14:46  Orbital Command  
  175  14:47  Marine x3  
  175  14:48  Siege Tank, Marauder  
  175  14:52  Marauder  
  179  14:56  Marine x2  
  179  14:57  Marauder  
  179  14:58  Widow Mine x2  
  182  15:02  Marauder, Marine x2  
  182  15:03  Siege Tank  
  185  15:10  Command Center  
  185  15:11  Marine  
  186  15:16  Marine  
  193  15:23  Ghost  
  193  15:26  Marine  
  194  15:30  Marine  
Tags
 
Add a new tag
Caveats
  • Supply blocks, unpowered buildings, or Contaminate may cause inaccurate times.
  • Supply counts are checked every 10 seconds.